 Dungeon Crawl Stone Soup version 0.29.0-4-gdea44cf6ec (webtiles) character file.

Game seed: 1745214104388096282

37 qw the Chopper (level 3, -2/21 HPs)
             Began as a Tengu Warper on Aug 28, 2022.
             Slain by Terence
             ... wielding a +0 flail
              (8 damage)
             ... on level 2 of the Dungeon.
             The game lasted 00:00:07 (1764 turns).

qw the Chopper (Tengu Warper)                       Turns: 1764, Time: 00:00:08

Health: -2/21      AC:  5    Str: 13    XL:     3   Next: 41%
Magic:  7/7        EV: 11    Int: 13    God:
Gold:   57         SH:  0    Dex: 13    Spells: 6/6 levels left

rFire   . . .      SeeInvis .   Y - +0 hand axe (vorpal)
rCold   . . .      Faith    .   (no shield)
rNeg    . . .      Spirit   .   d - +0 ring mail
rPois   .          Reflect  .   (helmet restricted)
rElec   .          Harm     .   (no cloak)
rCorr   .          Rampage  .   (no gloves)
Will    .....                   (boots unavailable)
Stlth   +.........              (no amulet)
HPRegen 0.07/turn               (no ring)
MPRegen 0.10/turn               (no ring)

@: no status effects
A: beak, talons 3
a: no special abilities


You were on level 2 of the Dungeon.
You visited 1 branch of the dungeon, and saw 2 of its levels.

You collected 57 gold pieces.


Innate Abilities, Weirdness & Mutations

You have a beak for a mouth.
You have claws for feet.


   Skills:
 - Level 2.0 Fighting
 + Level 4.1 Axes
 - Level 1.0 Throwing
 - Level 1.1 Armour
 - Level 2.1 Dodging
 - Level 2.0 Spellcasting
 - Level 2.4 Translocations


You had 6 spell levels left.
You didn't know any spells.
Your spell library contained the following spells:

 Spells                   Type           Power      Damage    Failure   Level
 Blink                    Tloc           14%        N/A       30%         2
 Gell's Gravitas          Tloc           7%         N/A       52%         3
 Lesser Beckoning         Tloc           7%         N/A       52%         3
 Teleport Other           Tloc           7%         N/A       52%         3
 Manifold Assault         Tloc           7%         N/A       99%         5

Inventory:

Hand Weapons
 f - a +0 whip
 Y - a +0 vorpal hand axe (weapon)
Armour
 d - a +0 ring mail (worn)
Scrolls
 a - a scroll of enchant armour {unknown}

Dungeon Overview and Level Annotations

Branches:
Dungeon (2/15)

Altars:

Annotations:
D:2 Terence


Message History

You kill the endoplasm!
A dart slug comes into view.
1644 ||| Stepping ~*~*~tactically~*~*~ (hiding).
You start waiting.
A dart slug is nearby!
You hit the dart slug but do no damage. You peck the dart slug.
The dart slug is lightly wounded.
You hit the dart slug.
The dart slug is almost dead.
The dart slug bites you but does no damage.
You hit the dart slug.
You kill the dart slug!
You start waiting.
A quokka comes into view.
The quokka moves out of view.
You start waiting.
Done waiting.
Terence the Incautious comes into view.
He is wielding a +0 flail.
Terence shouts!
You hit Terence. Your kick misses Terence.
Terence is heavily wounded.
Terence closely misses you.
You hit Terence but do no damage.
Terence is heavily wounded.
Terence hits you with a +0 flail!
Ouch! That really hurt!
You hit Terence but do no damage.
Terence is heavily wounded.
Terence closely misses you.
You hit Terence but do no damage. Your kick misses Terence.
You peck Terence, but do no damage.
Terence is heavily wounded.
Terence completely misses you.
You hit Terence but do no damage. You peck Terence.
Terence is heavily wounded.
Terence hits you with a +0 flail. Terence closely misses you.
You hit Terence but do no damage. Your kick misses Terence.
Terence is heavily wounded.
Terence hits you with a +0 flail!
You die...

..## .....## #.#.
#.....# #.#. #.#...#
#.#. #.....# # #.#.
#####.##..# .#.# #.#.
.........#.#.#.#.#.#.
###.#.#..##.#...#.#.#.
#....@............#...
#.#.@###.###......###.
#.[.. #............#.
#..## ###.......##.#.
.... #............
...# #.###...####.##
... #.....### #.#. ..
#.###..# #.#.
#....#####.#'


You could see Terence.

Vanquished Creatures
  2 dart slugs
  6 ball pythons
  4 endoplasms
  A giant cockroach (D:1)
  3 hobgoblins
  4 jackals (D:1)
  A quokka (D:1)
  A bat (D:2)
  2 frilled lizards (D:1)
  4 goblins
  3 rats (D:1)
31 creatures vanquished.

Notes
Turn   | Place    | Note
-------+----------+-------------------------------------------
     0 | D:1      | qw the Tengu Warper began the quest for the Orb.
     0 | D:1      | Reached XP level 1. HP: 12/12 MP: 4/4
     0 | D:1      | 0 ||| qw: Version: 0.1-a-89-g26bdef1
     0 | D:1      | 0 ||| qw: Game counter: 3040
     0 | D:1      | 0 ||| qw: Always use a shield: true
     0 | D:1      | 0 ||| qw: God list: Okawaru
     0 | D:1      | 0 ||| qw: Allow faded altars: false
     0 | D:1      | 0 ||| qw: Do Orc after D:15 true
     0 | D:1      | 0 ||| qw: Do second Lair branch before Depths: true
     0 | D:1      | 0 ||| qw: Lair rune preference: random
     0 | D:1      | 0 ||| qw: Plans: Normal
     0 | D:1      | 0 ||| PLANNING D:1-11
    23 | D:1      | 23 ||| Stepping ~*~*~tactically~*~*~ (stealth).
   220 | D:1      | Reached XP level 2. HP: 17/17 MP: 6/6
   227 | D:1      | 227 ||| Stepping ~*~*~tactically~*~*~ (hiding).
   334 | D:1      | Reached skill level 3 in Axes
   384 | D:1      | 384 ||| Stepping ~*~*~tactically~*~*~ (stealth).
   385 | D:1      | 385 ||| Stepping ~*~*~tactically~*~*~ (stealth).
   929 | D:1      | 929 ||| Stepping ~*~*~tactically~*~*~ (stealth).
   930 | D:1      | 930 ||| Stepping ~*~*~tactically~*~*~ (stealth).
  1220 | D:1      | 1220 ||| Stepping ~*~*~tactically~*~*~ (stealth).
  1221 | D:1      | 1221 ||| Stepping ~*~*~tactically~*~*~ (stealth).
  1244 | D:1      | Reached XP level 3. HP: 21/21 MP: 7/7
  1319 | D:1      | 1319 ||| UPGRADING to +0 ring mail.
  1329 | D:1      | 1329 ||| DROPPING +0 leather armour.
  1330 | D:1      | 1330 ||| READING scroll labelled LUOMNUBUZY.
  1331 | D:1      | 1331 ||| READING scroll labelled QAGAID YFOEN.
  1360 | D:1      | 1360 ||| READING scroll labelled VOEMO SAYPHUI.
  1361 | D:1      | 1361 ||| READING scroll labelled WUABBO BIOTYL.
  1362 | D:1      | 1362 ||| READING scroll labelled SICOUHUACW.
  1463 | D:1      | 1463 ||| DRINKING 2 smoky cyan potions.
  1485 | D:1      | 1485 ||| DROPPING scroll of blinking.
  1486 | D:1      | 1486 ||| DROPPING potion of lignification.
  1626 | D:2      | Reached skill level 4 in Axes
  1627 | D:2      | 1627 ||| Stepping ~*~*~tactically~*~*~ (stealth).
  1644 | D:2      | 1644 ||| Stepping ~*~*~tactically~*~*~ (hiding).
  1753 | D:2      | Noticed Terence
  1764 | D:2      | Slain by Terence

Levels and vault maps discovered:
D:1:      lemuel_arrival_rhombus, layout_basic, shapermc_ecumenical_altar_petra,
          dreamdust_princess_bridge
D:2:      layout_basic, minmay_quantized, uniq_crazy_yiuf_cottage, uniq_terence

Skill      XL: |  1  2  3 |
---------------+----------+-----
Axes           | 3 4 |  4.1
Fighting       | |  2.0
Throwing       | |  1.0
Armour         | |  1.1
Dodging        | |  2.1
Spellcasting   | |  2.0
Translocations | |  2.4

Action                   || total
-------------------------++-------
Melee: Hand axe          ||    71
       Peck              ||    13
       Kick              ||     6
Throw: Boomerang         ||     7
  Use: Scroll            ||     5
       Potion            ||     1
Armor: Leather armour    ||     8
       Ring mail         ||     5
Dodge: Dodged            ||    34

Table legend:
 A = Non-vault XP
 B = Vault XP
 C = Vault XP percentage of total XP
 D = Non-vault monster count
 E = Vault monster count
 F = Vault count percentage of total count
                 A         B        C        D         E       F
            +---------+---------+-------+---------+---------+-------
      Total |      52 |       2 |   3.7 |      30 |       1 |   3.2
            +---------+---------+-------+---------+---------+-------
        D:1 |      38 |       0 |   0.0 |      23 |       0 |   0.0
        D:2 |      14 |       2 |  12.5 |       7 |       1 |  12.5
            +---------+---------+-------+---------+---------+-------
